 Dungeon Crawl Stone Soup version 0.30.0-3-ga4e48a9924 (webtiles) character file.

Game seed: 11561845232350120792

87 mdonais the Slasher (level 4, 0/34 HPs)
             Began as a Merfolk Reaver on May 7, 2023.
             Was an Initiate of Hepliaklqana.
             Slain by an orc
             ... wielding a +0 trident
              (8 damage)
             ... on level 3 of the Dungeon.
             The game lasted 00:07:19 (2156 turns).

mdonais the Slasher (Merfolk Reaver)                Turns: 2156, Time: 00:07:20

Health: 0/34       AC:  3    Str: 12    XL:     4   Next: 51%
Magic:  7/7        EV: 12    Int: 17    God:    Hepliaklqana [......]
Gold:   103        SH:  0    Dex: 14    Spells: 4/7 levels left

rFire   . . .        m - +10 hand axe of the Lost Spines {spect, Int+5}
rCold   . . .        (no shield)
rNeg    . . .        j - +0 leather armour
rPois   .            (no helmet)
rElec   .            (no cloak)
rCorr   .            (no gloves)
SInv    .            (no boots)
Will    .....        (no amulet)
Stlth   +            d - ring of flight
HPRegen 0.25/turn    (no ring)
MPRegen 0.10/turn

%: no passive effects
@: flying
A: (nimble swimmer 2), mertail
a: Renounce Religion


You were on level 3 of the Dungeon.
You worshipped Hepliaklqana.
Hepliaklqana was noncommittal.
You visited 1 branch of the dungeon, and saw 3 of its levels.

You collected 103 gold pieces.

Inventory:

Hand Weapons
 a - a +0 falchion
 b - a +0 sling
   (You found it on level 2 of the Dungeon)
 m - the +10 hand axe of the Lost Spines (weapon) {spect, Int+5}
   (You found it on level 2 of the Dungeon)

   Int:       It affects your intelligence (+5).
Armour
 j - a +0 leather armour (worn)
Jewellery
 d - a ring of flight (left hand)
   (You found it on level 1 of the Dungeon)
Wands
 V - a wand of flame (25)
   (You found it on level 3 of the Dungeon)
Scrolls
 e - a scroll of torment {unknown}
 f - 2 scrolls of teleportation {unknown}
 g - 3 scrolls of identify {unknown}
 i - a scroll of magic mapping {unknown}
 p - a scroll of blinking {unknown}
 q - a scroll of summoning {unknown}
Potions
 c - 3 potions of degeneration {unknown}
 h - 3 potions of haste {unknown}
 k - 2 potions of heal wounds {unknown}
 l - a potion of flight {unknown}
 n - a potion of attraction {unknown}
 o - a potion of invisibility {unknown}


   Skills:
 - Level 2.5 Fighting
 - Level 3.8 Long Blades
 + Level 0.6 Axes
 - Level 3.0 Dodging
 - Level 2.1 Spellcasting
 - Level 2.5 Conjurations
 - Level 1.0 Necromancy
 - Level 2.0 Translocations


You had 4 spell levels left.
You knew the following spells:

 Your Spells              Type           Power      Damage    Failure   Level
a - Kiss of Death         Conj/Necr      28%        2d7       12%         1
b - Momentum Strike       Conj/Tloc      18%        3d8       14%         2

Your spell library contained the following spells:

 Spells                   Type           Power      Damage    Failure   Level
 Beastly Appendage        Tmut           2%         N/A       24%         1
 Gell's Gravitas          Tloc           8%         N/A       32%         3
 Teleport Other           Tloc           8%         N/A       32%         3
 Wereblood                Tmut           1%         N/A       36%         2
 Hailstorm                Conj/Ice       6%         3d4       41%         3
 Spider Form              Tmut/Pois      1%         N/A       58%         3
 Dispersal                Tloc           4%         N/A       100%        6


Dungeon Overview and Level Annotations

Branches:
Dungeon (3/15) Zot: 15826

Altars:
Hepliaklqana
Vehumet
The Shining One


Innate Abilities, Weirdness & Mutations

((You are very nimble when in or above water. (Stealth+, EV+, Speed+++)))
Your lower body shifts to a powerful aquatic tail in water.


Message History

The kobold shouts!
Found a stone staircase leading down.
You completely miss the kobold.
Your +10 hand axe of the Lost Spines {spect, Int+5} barely misses the kobold.
The kobold misses you.
You slash the kobold!
You kill the kobold!
Your +10 hand axe of the Lost Spines {spect, Int+5} disappears.
No target in view!
Things that are here:
a +0 whip; 2 stones
Found an escape hatch in the floor.
h - 3 fuming brown potions (gained 1)
You reach down and open the door.
Found three altars.
There is an open door here.
There is a fountain of clear blue water here.
There is a glowing golden altar of the Shining One here.
There is a hazy altar of Hepliaklqana here.
You hover solemnly before the altar of Hepliaklqana.
Hepliaklqana welcomes you!
There is a glowing golden altar of the Shining One here.
There is a radiant altar of Vehumet here.
There is a radiant altar of Vehumet here.
There is a fountain of clear blue water here.
There is an open door here.
As you open the door, it creaks loudly!
There is an open door here.
Found 3 stones, a dagger and a short sword.
A jackal comes into view.
A jackal is nearby!
A jackal and a ball python come into view.
The ball python hisses angrily.
The ball python closely misses you. The ball python grabs you.
The ball python constricts you.
You barely miss the ball python.
Your +10 hand axe of the Lost Spines {spect, Int+5} hits the ball python.
The ball python completely misses you. The ball python constricts you.
You take 1 damage, and have 33/34 hp.
You slash the ball python!
You kill the ball python!
Your +10 hand axe of the Lost Spines {spect, Int+5} disappears.
Health restored: 34 No target in view!
No target in view!
No target in view!
No target in view!
No target in view!
No target in view!
No target in view!
No target in view!
No target in view!
You see here a ball python corpse.
Found a stone staircase leading down.
Found a stone staircase leading up.
A rat comes into view.
The jackal barks!
The jackal barks!
The jackal closely misses you.
You slash the jackal!
You kill the jackal!
You hit the jackal.
Your +10 hand axe of the Lost Spines {spect, Int+5} hits the jackal.
You kill the jackal!
Your +10 hand axe of the Lost Spines {spect, Int+5} hits the rat.
You kill the rat!
No target in view!
No target in view!
No target in view!
No target in view!
No target in view!
No target in view!
Your +10 hand axe of the Lost Spines {spect, Int+5} disappears.
There is a stone staircase leading down here.
p - a scroll labelled IREBREOSIL You reach down and open the door.
There is an open door here.
A worm comes into view.
The worm bites you.
You take 2 damage, and have 32/34 hp.
You slash the worm!
The worm is severely wounded.
The worm bites you but does no damage.
You slash the worm!
You kill the worm!
No target in view!
No target in view!
HP restored.
You now have 84 gold pieces (gained 7).
You reach down and open the door.
Found a stone.
There is an open door here.
Health restored: 34
There is an open door here.
As you open the door, it creaks loudly!
Char dumped successfully.
There is an open door here.
There is an open door here.
Found a ring mail.
You see here a +0 ring mail.
You now have 92 gold pieces (gained 8).
You now have 103 gold pieces (gained 11).
V - a wand of flame (25)
There is an escape hatch in the floor here.
There is a stone staircase leading down here.
Key pressed, stopping explore.
You reach down and open the door.
There is an open door here.
q - a scroll labelled YJOZYNNUEZOCH You reach down and open the door.
A ball python comes into view.
A ball python is nearby!
A kobold comes into view. It is wielding a +0 club.
The kobold shouts!
The ball python hisses angrily.
You hear a shout!
An orc comes into view. It is wielding a +0 hand axe.
There is an open door here.
An orc priest comes into view. It is wielding a +0 short sword.
You barely miss the ball python. The ball python misses you.
The ball python completely misses you.
An orc comes into view. It is wielding a +0 trident.
You closely miss the ball python. The ball python closely misses you.
The ball python grabs you. The ball python constricts you.
The ball python barely misses you. The ball python constricts you.
You take 1 damage, and have 33/34 hp.
You hit the ball python.
You kill the ball python!
You slash the kobold!
You kill the kobold!
The orc priest mumbles some strange prayers to Beogh against you.
Beogh smites you! The orc hits you with a +0 hand axe.
You take 15 damage, and have 18/34 hp.
MASSIVE DAMAGE!!
You completely miss the orc. The orc hits you with a +0 hand axe.
You take 4 damage, and have 14/34 hp.
You are too injured to fight recklessly!
You are too injured to fight recklessly!
You are too injured to fight recklessly!
You are too injured to fight recklessly!
You slash the orc!
You kill the orc!
You slash the orc priest!
The orc priest is severely wounded.
The orc priest barely misses you.
The orc hits you from afar with a +0 trident!
* * * LOW HITPOINT WARNING * * *
You take 7 damage, and have 7/34 hp.
MASSIVE DAMAGE!!
You barely miss the orc priest.
The orc priest is severely wounded.
The orc priest looks encouraged for a moment.
The orc hits you from afar with a +0 trident!
You die...

######## #.......
####### #.###### #.....#
#.##...# . #.....#
#.##.... ... #.....#
#.##....
.....####.....###.####..
.....oo@'.....'.......).
.....####.....###.#.###.
... #.....# #.#<.... .
#.....# #.#.##.# #######
#.#.##.# #.#....#
.#####.#.#..'
.......##...#
..........'...#


You could see an orc priest and an orc.

Vanquished Creatures
  4 adders (D:2)
  A worm (D:3)
  2 dart slugs (D:2)
  An orc (D:3)
  3 bats
  A giant cockroach (D:1)
  A goblin (D:2)
  6 hobgoblins (D:2)
  2 jackals (D:3)
  3 quokkas
  9 ball pythons
  7 kobolds
  4 rats
44 creatures vanquished.

Notes
Turn   | Place    | Note
-------+----------+-------------------------------------------
     0 | D:1      | mdonais the Merfolk Reaver began the quest for the Orb.
     0 | D:1      | Reached XP level 1. HP: 16/16 MP: 3/3
   268 | D:1      | Reached XP level 2. HP: 23/23 MP: 5/5
   341 | D:1      | Learned a level 2 spell: Momentum Strike
   751 | D:2      | Reached XP level 3. HP: 27/28 MP: 6/6
   993 | D:2      | Reached skill level 1 in Necromancy
   993 | D:2      | Reached skill level 1 in Translocations
  1370 | D:2      | Reached XP level 4. HP: 32/34 MP: 7/7
  1389 | D:2      | Identified the +10 hand axe of the Lost Spines {spect,
                  | Int+5}
  1810 | D:3      | Found a glowing golden altar of the Shining One.
  1810 | D:3      | Found a radiant altar of Vehumet.
  1810 | D:3      | Found a hazy altar of Hepliaklqana.
  1818 | D:3      | Became a worshipper of Hepliaklqana the Forgotten
  2156 | D:3      | Slain by an orc

Illustrated notes

Levels and vault maps discovered:
D:1:      spicycebolla_green_bress_n_ham, layout_loops_ring
D:2:      layout_basic
D:3:      minmay_diamond_boxcup, layout_basic,
          gammafunk_temple_overflow_forgotten

Skill      XL: |  1  2  3  4 |
---------------+-------------+-----
Necromancy     | 1 |  1.0
Translocations | 2 |  2.0
Dodging        | 3 |  3.0
Fighting       | |  2.5
Long Blades    | |  3.8
Axes           | |  0.6
Spellcasting   | |  2.1
Conjurations   | |  2.5

Action                     |  1- 3 |  4- 6 || total
---------------------------+-------+-------++-------
  Melee: Falchion          |   114 |    13 ||   127
         Punch             |     1 |       ||     1
         Hand axe          |       |    15 ||    15
   Stab: Distracted        |     1 |       ||     1
 Armour: Leather armour    |    27 |     4 ||    31
  Dodge: Dodged            |    75 |    17 ||    92
